 Dungeon Crawl Stone Soup version 0.28-a0-1199-gef9e1dbd39 (webtiles) character file.

Game seed: 291764214962337531

48473 pokeman the Eclecticist (level 14, -1/82 HPs)
             Began as a Deep Elf Hedge Wizard on Dec 19, 2021.
             Was a High Priest of Vehumet.
             Collided with some lava (5 damage)
             ... caused by a swamp worm
             ... on level 5 of the Lair of Beasts.
             The game lasted 01:00:54 (24956 turns).

pokeman the Eclecticist (Deep Elf Hedge Wizard)    Turns: 24956, Time: 01:00:54

Health: -1/82      AC: 17    Str: 14    XL:     14   Next: 12%
Magic:  28/40      EV: 12    Int: 33    God:    Vehumet [*****.]
Gold:   442        SH:  5    Dex: 14    Spells: 27/53 levels left

rFire   + + .      SeeInvis .   R - +2 whip (venom)
rCold   . . .      Faith    .   d - +0 buckler
rNeg    . . .      Spirit   .   L - +0 acid dragon scales
rPois   +          Reflect  .   b - +0 helmet {Int+3}
rElec   +          Harm     .   e - +0 cloak
rCorr   +          Rampage  +   f - +0 pair of gloves
Will    +....                   o - +1 pair of boots {rampage}
Stlth   ++........              W - amulet "Timoriuz" {RegenMP rPois rF+ Int+5}
HPRegen 0.23/turn               r - ring of protection from fire
MPRegen 0.67/turn               g - ring of the Invisible Hand {rElec AC+4 Str+7}

@: no status effects
A: no striking features
a: Renounce Religion


You were on level 5 of the Lair of Beasts.
You worshipped Vehumet.
Vehumet was extremely pleased with you.
You visited 3 branches of the dungeon, and saw 19 of its levels.
You also visited: Gauntlet.

You collected 1245 gold pieces.
You spent 803 gold pieces at shops.

Inventory:

Hand Weapons
 h - the +5 great mace of Eternal Vigilance {elec, rPois rC+}
   (You took it off a minotaur in a Gauntlet)

   It occasionally discharges a powerful burst of electricity upon striking a
   foe.
   rC:        It protects you from cold.
   rPois:     It protects you from poison.
 n - the +3 quarterstaff of the Lost Interlopers {distort, rN++}
   (You found it in a Gauntlet)

   It warps and distorts space around it, and may blink, banish, or inflict
   extra damage upon those it strikes.
   Unwielding it can cause banishment or high damage.
   rN:        It greatly protects you from negative energy.
 R - a +2 whip of venom (weapon)
 S - a +0 arbalest
Missiles
 z - 70 bolts
Armour
 b - a +0 helmet of intelligence (worn)
 d - a +0 buckler (worn)
 e - a +0 cloak (worn)
 f - a +0 pair of gloves (worn)
 o - a +1 pair of boots of rampaging (worn)
 x - a scarf of invisibility
 L - +0 acid dragon scales (worn)
Magical Staves
 s - a staff of cold
Jewellery
 g - the ring of the Invisible Hand (right hand) {rElec AC+4 Str+7}
   (You found it in a Gauntlet)

   [ring of protection]

   AC:        It affects your AC (+4).
   Str:       It affects your strength (+7).
   rElec:     It insulates you from electricity.
 r - a ring of protection from fire (left hand)
 y - an amulet of reflection
 K - a ring of willpower
 W - the amulet "Timoriuz" (around neck) {RegenMP rPois rF+ Int+5}
   (You bought it in a shop on level 4 of the Dungeon)

   [amulet of magic regeneration]

   It increases your rate of magic regeneration.
   Int:       It affects your intelligence (+5).
   rF:        It protects you from fire.
   rPois:     It protects you from poison.
Wands
 j - a wand of paralysis (2)
 k - a wand of acid (4)
 v - a wand of flame (8)
 B - a wand of mindburst (9)
 E - a wand of iceblast (22)
Scrolls
 a - 8 scrolls of teleportation
 c - 2 scrolls of enchant armour {unknown}
 i - 4 scrolls of identify
 l - 2 scrolls of enchant weapon
 t - 2 scrolls of summoning {unknown}
 A - 7 scrolls of fog {unknown}
 C - 3 scrolls of blinking {unknown}
 F - 2 scrolls of holy word {unknown}
 H - a scroll of silence {unknown}
 I - 4 scrolls of amnesia {unknown}
 J - 3 scrolls of noise {unknown}
 Q - 2 scrolls of fear {unknown}
Potions
 m - 7 potions of curing
 q - 2 potions of flight
 u - a potion of magic
 D - 3 potions of heal wounds
 M - 3 potions of haste {unknown}
 N - a potion of mutation {unknown}
 O - 2 potions of lignification {unknown}
Miscellaneous
 p - a tin of tremorstones (2/2)
 w - a phial of floods
 P - a condenser vane


   Skills:
 - Level 7.0 Fighting
 + Level 5.4 Armour
 - Level 3.0 Dodging
 - Level 3.0 Stealth
 - Level 4.0 Shields
 * Level 20.1 Spellcasting
 + Level 12.2 Conjurations
 - Level 1.1 Summonings
 - Level 8.0 Necromancy
 - Level 1.1 Translocations
 + Level 9.0 Fire Magic
 - Level 1.0 Ice Magic
 - Level 1.1 Air Magic
 - Level 1.0 Poison Magic
 - Level 1.0 Evocations


You had 27 spell levels left.
You knew the following spells:

 Your Spells              Type           Power      Damage    Failure   Level
a - Magic Dart            Conj           100%       1d8       0%          1
b - Mephitic Cloud        Conj/Pois/Air  59%        N/A       1%          3
c - Call Imp              Summ           40%        N/A       1%          2
d - Blink                 Tloc           80%        N/A       1%          2
e - Conjure Flame         Conj/Fire      80%        6-21      1%          3
f - Shock                 Conj/Air       100%       1d9       1%          1
g - Fireball              Conj/Fire      40%        3d16      1%          5
h - Starburst             Conj/Fire      40%        6d11      1%          6
i - Swiftness             Air            40%        N/A       2%          3

Your spell library contained the following spells:

 Spells                   Type           Power      Damage    Failure   Level
 Lightning Bolt           Conj/Air       33%        1d51      1%          5
 Searing Ray              Conj           100%       2d8       0%          2
 Apportation              Tloc           80%        N/A       1%          1
 Slow                     Hex            100%       N/A       1%          1
 Passwall                 Tmut/Erth      27%        N/A       1%          2
 Sublimation of Blood     Necr           72%        N/A       1%          2
 Dazzling Flash           Conj/Hex       100%       N/A       1%          3
 Fulminant Prism          Conj/Hex       32%        3d16      1%          4
 Iskenderun's Mystic Bla  Conj/Tloc      67%        2d14      1%          4
 Irradiate                Conj/Tmut      32%        3d24      1%          5
 Tukima's Dance           Hex            33%        N/A       4%          3
 Borgnjor's Vile Clutch   Necr/Erth      28%        N/A       8%          5
 Passage of Golubria      Tloc           40%        N/A       9%          4
 Yara's Violent Unravell  Hex/Tmut       16%        3d8       11%         5
 Petrify                  Tmut/Erth      33%        N/A       14%         4
 Alistair's Intoxication  Tmut/Pois      24%        N/A       30%         5
 Eringya's Noxious Bog    Tmut/Pois      18%        N/A       38%         6
 Ignition                 Fire           37%        3d11      47%         8


Dungeon Overview and Level Annotations

Branches:
Dungeon (13/15)            Temple (1/1) D:5            Lair (5/6) D:8
  Swamp (0/4) Lair:3        Snake (0/4) Lair:3        Slime (0/5) Lair:5
    Orc (0/2) D:12        Gauntlet (visited)
 Vaults: D:13-14

Altars:
Ashenzari
Cheibriados
Dithmenos
Elyvilon
Fedhas
Gozag
Hepliaklqana
Kikubaaqudgha
Makhleb
Nemelex Xobeh
Okawaru
Qazlal
Ru
Sif Muna
Trog
Uskayaw
Vehumet
Wu Jian
Xom
Yredelemnul
Zin
The Shining One
Jiyva

Shops:
D:3 *   D:4 **   D:9 (   D:13 ?

Portals:
Trove: D:10 (give +4 storm dragon scales)

Annotations:
D:4 Scroll behind grate
D:7 Loot behind rock
D:13 Rupert
Lair:5 1 transporter, 1 runed translucent door


Message History

The briar patch is burned terribly!
You destroy the briar patch!
The bolt of fire hits the briar patch!!!
The briar patch is burned terribly!
You destroy the briar patch!
The bolt of fire hits the briar patch!!!
The briar patch is burned terribly!
You destroy the briar patch!
Unknown command.
Casting: Starburst (dangerous; 1% risk of failure)
Confirm with . or Enter, or press ? or * to list all spells.
Aiming: Fireball (safe; 1% risk of failure)
Press: ? - help, Shift-Dir - straight line, f - swamp worm
Aim: a swamp worm (almost dead)
The fireball explodes!
The fireball engulfs the swamp worm!!
You kill the swamp worm!
Vehumet accepts your kill.
You feel your power returning.
You feel stable enough to blink again.
The swamp worm fires a harpoon shot at you.
The harpoon shot hits you but does no damage.
The swamp worm fires a harpoon shot at you.
The harpoon shot hits you.
* * * LOW HITPOINT WARNING * * *
You are yanked forward by the harpoon shot.
You violently stop moving!
* * * LOW HITPOINT WARNING * * *
Casting: Fireball (safe; 1% risk of failure)
Confirm with . or Enter, or press ? or * to list all spells.
Aiming: Fireball (safe; 1% risk of failure)
Press: ? - help, Shift-Dir - straight line, f - swamp worm
Aim: a swamp worm The fireball explodes!
The fireball engulfs the swamp worm!!
The swamp worm is severely wounded.
The swamp worm fires a harpoon shot at you.
The harpoon shot hits you.
* * * LOW HITPOINT WARNING * * *
You are yanked forward by the harpoon shot.
You violently stop moving!
You die...

##....÷#.##...............##.....
##.#...###..(...................
###..####...........##.........
#.#..#.#...........###........
##.#.#........©....##.#.......
####.......#####..#.#........
#....#.###P©P###.#.........
##...##.#♣≈.^.≈##...........
#####....#..##≈@^.≈.#...##......
#...#...##P.#w≈.^.≈##..##......<
#..#....#...###§^P≈♣#..P#.......
##......##..#♣≈P^○###.###.##....
##÷.........##≈P^P§w#...###.#.P.
##...........#w§P§P§##.### ##.###
....#.#.#.#..####+####.#.# #####
..#P####.......#?$?#....## ####.
..#### ##......#=©[#....# #.#..


You could see 3 swamp worms.

Vanquished Creatures
  A minotaur (Gauntlet)
  Josephine (D:12)
  2 boulder beetles
  5 hydras
  Erolcha (D:13)
  A two-headed ogre (D:13)
  A tengu warrior (D:13)
  2 bog bodies (Lair:3)
  A lindwurm (Lair:4)
  A deep elf pyromancer (D:13)
  An ugly thing (D:13)
  Pikel (D:8)
  5 oklob plants
  A cyclops (D:12)
  3 centaur zombies
  13 elephants
  Maurice (D:12)
  A black mamba (Lair:4)
  5 cane toads
  A torpor snail (Lair:3)
  2 gargoyles (D:13)
  4 rime drakes
  7 kobold demonologists
  Psyche (D:8)
  A minotaur zombie (Gauntlet)
  11 komodo dragons
  A tengu conjurer (D:13)
  A tyrant leech (Gauntlet)
  3 hornets
  2 polar bears
  11 blink frogs
  The ghost of mandarbmax the Conjurer, an amateur DrCj of Ru (D:3)
  3 flying skulls (Gauntlet)
  A shadow (D:12)
  Sigmund (D:3)
  A vampire (D:13)
  2 wyverns
  A ynoxinul (Gauntlet)
  36 yaks
  7 basilisks
  5 wraiths
  12 vampire mosquitoes
  6 swamp worms
  A warg (D:12)
  3 nagas (Lair:3)
  11 water moccasins
  An acid dragon (D:11)
  2 sky beasts (D:7)
  3 black bears
  3 orc warriors
  2 ogres
  5 ice beasts
  7 wolves
  3 necrophages
  6 centaurs
  A lemure (D:8)
  2 kobold brigands (D:9)
  6 bullfrogs
  2 gnoll sergeants
  2 scorpions
  A water moccasin zombie (D:5)
  A hornet simulacrum (D:9)
  2 water moccasin skeletons
  5 killer bees (D:10)
  10 wights
  4 electric eels
  2 jellies
  8 orc priests
  2 bullfrog skeletons (D:6)
  A centaur skeleton (D:4)
  A hound (D:7)
  3 iguanas
  19 orc wizards
  2 scorpion zombies (D:5)
  14 hell rats
  2 centaur simulacra (D:9)
  A hound skeleton (D:4)
  A howler monkey zombie (D:10)
  A howler monkey skeleton (D:6)
  17 gnolls
  6 adders
  4 ufetubi
  3 worms (D:3)
  2 dart slugs
  31 orcs
  4 bats
  5 endoplasms
  3 giant cockroaches
  8 goblins
  6 hobgoblins
  6 ball pythons
  2 frilled lizards (D:1)
  9 kobolds
  9 rats
  6 briar patches (Lair:5)
429 creatures vanquished.

Vanquished Creatures (others)
  An electric eel (D:9)
  16 fungi
  44 plants
61 creatures vanquished.

Grand Total: 490 creatures vanquished

Notes
Turn   | Place    | Note
-------+----------+-------------------------------------------
     0 | D:1      | pokeman the Deep Elf Hedge Wizard began the quest for the
                  | Orb.
     0 | D:1      | Reached XP level 1. HP: 10/10 MP: 7/7
   563 | D:1      | Reached XP level 2. HP: 16/16 MP: 1/9
  1264 | D:1      | Reached skill level 5 in Spellcasting
  1470 | D:2      | Reached XP level 3. HP: 20/20 MP: 6/11
  1475 | D:2      | Learned a level 3 spell: Mephitic Cloud
  1478 | D:2      | Learned a level 2 spell: Call Imp
  1481 | D:2      | Learned a level 2 spell: Blink
  1485 | D:2      | Learned a level 3 spell: Conjure Flame
  1974 | D:2      | Reached skill level 1 in Fighting
  2467 | D:3      | Reached skill level 1 in Armour
  2562 | D:3      | Noticed a scorpion
  3013 | D:3      | Found a runed translucent door.
  3013 | D:3      | Noticed mandarbmax's ghost (amateur DrCj)
  3148 | D:3      | Reached XP level 4. HP: 25/25 MP: 9/13
  3278 | D:3      | Killed a scorpion
  3389 | D:3      | Found Amamizay's Assorted Antiques.
  3440 | D:3      | Reached skill level 6 in Spellcasting
  3906 | D:3      | Noticed Sigmund
  3929 | D:3      | Killed Sigmund
  3930 | D:3      | Reached XP level 5. HP: 13/29 MP: 5/15
  3930 | D:3      | Reached XP level 6. HP: 15/34 MP: 5/17
  4524 | D:3      | Bought a steaming garnet amulet for 125 gold pieces
  4524 | D:3      | Identified the amulet "Wuifyura" {Spirit +Blink rN+++
                  | Int-3} (You bought it in a shop on level 3 of the Dungeon)
  4951 | D:4      | Found Puticon's General Store.
  4993 | D:4      | Bought a potion of curing for 33 gold pieces
  5043 | D:4      | Reached skill level 1 in Poison Magic
  5043 | D:4      | Reached XP level 7. HP: 39/39 MP: 10/19
  5151 | D:4      | Reached skill level 7 in Spellcasting
  5430 | D:4      | Found a glowing silver altar of Zin.
  5661 | D:4      | Found Gikyx's CLEARANCE SALE!.
  5810 | D:5      | Entered Level 5 of the Dungeon
  5885 | D:5      | Found a staircase to the Ecumenical Temple.
  5891 | Temple   | Entered the Ecumenical Temple
  5982 | Temple   | Became a worshipper of Vehumet
  6010 | D:5      | Reached skill level 1 in Air Magic
  6116 | D:5      | Reached skill level 1 in Necromancy
  6485 | D:5      | Reached skill level 8 in Spellcasting
  6485 | D:5      | Reached skill level 1 in Fire Magic
  6551 | D:5      | Reached XP level 8. HP: 43/44 MP: 19/22
  7050 | D:6      | Reached skill level 9 in Spellcasting
  7620 | D:6      | Reached * piety under Vehumet
  7620 | D:6      | Offered knowledge of Shock by Vehumet.
  7621 | D:6      | Reached skill level 5 in Conjurations
  7623 | D:6      | Learned a level 1 spell: Shock
  7821 | D:6      | Reached skill level 10 in Spellcasting
  8279 | D:6      | Reached XP level 9. HP: 48/48 MP: 9/25
  8872 | D:7      | Reached skill level 1 in Evocations
  9067 | D:7      | Reached skill level 11 in Spellcasting
  9168 | D:7      | Found a broken altar of Ashenzari.
  9172 | D:7      | Saw a vision of the Swamp and the Snake Pit.
  9172 | D:7      | Noticed a naga sharpshooter
  9172 | D:7      | Noticed a guardian serpent
  9172 | D:7      | Noticed a black mamba
  9172 | D:7      | Noticed a black mamba
  9172 | D:7      | Noticed a naga warrior
  9172 | D:7      | Noticed a goliath frog
  9175 | D:7      | Noticed a naga warrior
  9175 | D:7      | Noticed a goliath frog
  9907 | D:8      | You fall into a shaft and drop 3 floors!
  9923 | D:11     | Noticed a komodo dragon
  9926 | D:11     | Noticed a komodo dragon
  9935 | D:11     | Killed a komodo dragon
  9955 | D:11     | Killed a komodo dragon
  9956 | D:11     | Reached skill level 12 in Spellcasting
 10352 | D:11     | Reached XP level 10. HP: 34/56 MP: 16/28
 10729 | D:11     | Noticed a two-headed ogre
 10898 | D:10     | Entered Level 10 of the Dungeon
 10916 | D:10     | Found a hide-covered altar of Uskayaw.
 11027 | D:10     | Found a portal to a secret trove of treasure.
 11054 | D:10     | Learned a level 5 spell: Fireball
 11061 | D:10     | Learned a level 6 spell: Starburst
 11236 | D:10     | Reached skill level 13 in Spellcasting
 11357 | D:10     | Reached skill level 5 in Necromancy
 11706 | D:9      | Reached ** piety under Vehumet
 11946 | D:9      | Offered knowledge of Poisonous Vapours by Vehumet.
 11947 | D:9      | Reached skill level 5 in Fire Magic
 12089 | D:8      | Reached skill level 14 in Spellcasting
 12169 | D:8      | Noticed Psyche
 12174 | D:8      | Killed Psyche
 12516 | D:8      | Found a staircase to the Lair.
 12529 | D:8      | Noticed Pikel
 12533 | D:8      | Reached XP level 11. HP: 60/60 MP: 26/31
 12537 | D:8      | Killed Pikel
 13233 | D:3      | Killed mandarbmax's ghost
 13580 | D:9      | Offered knowledge of Static Discharge by Vehumet.
 13583 | D:9      | Noticed a sun demon
 13803 | D:9      | Found a burning altar of Makhleb.
 13911 | D:9      | Found Zelosum's Weapon Boutique.
 14037 | D:9      | Reached *** piety under Vehumet
 14180 | D:10     | Reached skill level 15 in Spellcasting
 14186 | D:10     | Reached skill level 5 in Armour
 15536 | D:12     | Noticed a sixfirhy
 15698 | D:12     | Noticed a four-headed hydra
 15702 | D:12     | Killed a four-headed hydra
 15705 | D:12     | Noticed Maurice
 15795 | D:12     | Killed Maurice
 15906 | D:11     | Noticed a sixfirhy
 15907 | D:11     | Offered knowledge of Airstrike by Vehumet.
 16336 | D:12     | Noticed Josephine
 16343 | D:12     | Reached skill level 16 in Spellcasting
 16348 | D:12     | Killed Josephine
 16472 | D:12     | Reached XP level 12. HP: 41/66 MP: 22/34
 16780 | D:12     | Learned a level 3 spell: Swiftness
 16864 | D:12     | Found a staircase to the Orcish Mines.
 17037 | D:13     | Noticed Erolcha
 17044 | D:13     | Killed Erolcha
 17044 | D:13     | Reached **** piety under Vehumet
 17396 | D:13     | Noticed a tengu warrior
 17399 | D:13     | Killed a tengu warrior
 17640 | D:13     | Reached skill level 10 in Conjurations
 17769 | D:13     | Noticed a boulder beetle
 17783 | D:13     | Killed a boulder beetle
 18000 | D:13     | Reached skill level 17 in Spellcasting
 18200 | D:13     | Noticed Rupert
 18261 | D:13     | Identified the amulet "Fefreg" {RegenMP Dex+4}
 18273 | D:13     | Killed a two-headed ogre
 18384 | D:13     | Found Miunk's Magic Scroll Shoppe.
 18579 | D:4      | Bought the amulet "Timoriuz" {RegenMP rPois rF+ Int+5} for
                  | 645 gold pieces
 19265 | Lair:1   | Entered Level 1 of the Lair of Beasts
 19292 | Lair:1   | Found a gate leading to a gauntlet.
 19301 | Gauntlet | Entered a Gauntlet
 19301 | Gauntlet | Found a transporter.
 19312 | Gauntlet | Found a transporter.
 19312 | Gauntlet | Found a transporter.
 19323 | Gauntlet | Found a transporter.
 19337 | Gauntlet | Found a transporter.
 19344 | Gauntlet | Found a transporter.
 19369 | Gauntlet | Found a transporter.
 19378 | Gauntlet | Found a transporter.
 19402 | Gauntlet | Found a transporter.
 19407 | Gauntlet | Found a transporter.
 19421 | Gauntlet | Noticed a death yak
 19422 | Gauntlet | Found a transporter.
 19422 | Gauntlet | Noticed a death yak
 19422 | Gauntlet | Noticed a death yak
 19424 | Gauntlet | Noticed a death yak
 19427 | Gauntlet | Found a transporter.
 19444 | Gauntlet | Found a transporter.
 19462 | Gauntlet | Found a transporter.
 19468 | Gauntlet | Found a transporter.
 19493 | Gauntlet | Found a transporter.
 19510 | Gauntlet | Found a transporter.
 19515 | Gauntlet | Noticed a catoblepas
 19553 | Gauntlet | Found a transporter.
 19568 | Gauntlet | Reached skill level 5 in Fighting
 19661 | Gauntlet | HP: 1/68 [swamp worm (11)]
 19710 | Gauntlet | Identified the +0 scale mail of Exclusion {rF+ rCorr}
 19711 | Gauntlet | Identified the ring of the Invisible Hand {rElec AC+4
                  | Str+7}
 19902 | Gauntlet | Identified the +5 great mace of Eternal Vigilance {elec,
                  | rPois rC+}
 19902 | Gauntlet | Noticed a minotaur
 19906 | Gauntlet | Killed a minotaur
 19931 | Gauntlet | Identified the +3 quarterstaff of the Lost Interlopers
                  | {distort, rN++}
 19964 | Lair:1   | Offered knowledge of Iskenderun's Mystic Blast by Vehumet.
 20206 | Lair:1   | Noticed a boulder beetle
 20212 | Lair:1   | Killed a boulder beetle
 20213 | Lair:1   | Reached skill level 18 in Spellcasting
 20667 | Lair:2   | Reached XP level 13. HP: 74/74 MP: 32/37
 21682 | Lair:3   | Reached ***** piety under Vehumet
 21687 | Lair:3   | Offered knowledge of Lightning Bolt by Vehumet.
 21898 | Lair:3   | Found a staircase to the Snake Pit.
 21912 | Lair:3   | Reached skill level 19 in Spellcasting
 22882 | Lair:3   | Found a staircase to the Swamp.
 22983 | Lair:4   | Reached skill level 1 in Ice Magic
 24063 | Lair:5   | Found a transporter.
 24124 | Lair:5   | Found a runed translucent door.
 24125 | Lair:5   | Found a viscous altar of Jiyva.
 24127 | Lair:5   | Found a staircase to the Slime Pits.
 24237 | Lair:5   | Found a transporter.
 24251 | Lair:5   | Reached XP level 14. HP: 82/82 MP: 21/39
 24292 | Lair:5   | Reached skill level 20 in Spellcasting
 24956 | Lair:5   | HP: 4/82 [swamp worm/harpoon shot (5)]
 24956 | Lair:5   | Collided with some lava

Illustrated notes

Levels and vault maps discovered:
D:1:      dpeg_arrival_ratfight, layout_rooms, serial_curves, eino_curves_04,
          eino_curves_02, eino_curves_02, eino_curves_03
D:2:      layout_basic
D:3:      layout_basic, serial_shops, shop, hellmonk_ghost_happy_afterlife,
          uniq_sigmund
D:4:      nicolae_cairo_tiling_large, layout_basic, zin_scriptorium,
          serial_shops, kennysheep_mini_moat, nicolae_shop_clearance
D:5:      layout_basic, minmay_temple_entry_ruins, grunt_decor_cap
D:6:      layout_loops_ring
D:7:      layout_basic, grunt_ashenzari_visionary
          [grunt_ashenzari_visionary_swamp, grunt_ashenzari_visionary_snake],
          due_unseen_surprise
D:8:      layout_loops_corners, lair_entry_dummy, uniq_psyche, uniq_pikel
D:9:      layout_big_octagon, lightli_temple_of_fire, serial_shops,
          nicolae_shop_waterfront, serial_ice, serial_ice_j, serial_ice_f,
          serial_ice_a, serial_ice_c, serial_ice_g, serial_ice_m,
          nicolae_figureground_pulse
D:10:     layout_basic, lemuel_tele_altar, nicolae_trove_entry_isolated
D:11:     layout_basic, nrook_loot_triangle
D:12:     layout_basic, erik_orc_4, serial_glass, glass_columns_b,
          glass_columns_c, glass_columns_c, glass_columns_c, glass_columns_b,
          glass_columns_b, glass_columns_a, glass_columns_c, feat_on_display,
          minmay_strange_pillars, uniq_josephine, uniq_maurice
D:13:     layout_loops_corners, serial_shops, nicolae_shop_crystal, uniq_rupert,
          uniq_erolcha
Temple:   regret_index_temple_mists
Lair:1:   layout_hall_layers, portal_ice_cave_entry_pillars_1,
          gauntlet_entry_generic, grunt_megastairs_4
Lair:2:   layout_gridlike, pond
Lair:3:   minmay_lair_oklob_tunnel, layout_cave_pods,
          nicolae_swamp_entry_splash_gauntlet, guppyfry_snake_entry_island
Lair:4:   layout_long_grid, st_stairs_4, nicolae_quartered_pool_impasse,
          grunt_megastairs_3, lemuel_fruit_tree
Lair:5:   gammafunk_worm_tunnel, layout_cave_pods, slime_altar_2

Skill      XL: |  1  2  3  4  5  6  7  8  9 10 11 12 13 14 |
---------------+-------------------------------------------+-----
Spellcasting   | 5 6 8 10 12 14 16 18 19 20 | 20.1
Conjurations   | 2 3 4 5 6 8 9 10 12 | 12.2
Fighting       | 1 2 3 4 5 7 |  7.0
Armour         | 1 3 4 5 |  5.4
Dodging        | 3 |  3.0
Shields        | 3 4 |  4.0
Stealth        | 3 |  3.0
Poison Magic   | 1 |  1.0
Air Magic      | 1 |  1.1
Necromancy     | 1 3 5 7 8 |  8.0
Fire Magic     | 1 2 4 5 7 8 9 |  9.0
Evocations     | 1 |  1.0
Ice Magic      | 1 |  1.0
Summonings     | |  1.1
Translocations | |  1.1

Action                   |  1- 3 |  4- 6 |  7- 9 | 10-12 | 13-15 || total
-------------------------+-------+-------+-------+-------+-------++-------
Melee: Spear             |     4 |    33 |    69 |    41 |       ||   147
       Whip              |       |       |       |    10 |    30 ||    40
 Cast: Magic Dart        |   113 |    78 |   117 |     1 |       ||   309
       Conjure Flame     |     1 |     6 |    33 |    16 |       ||    56
       Mephitic Cloud    |       |     5 |    18 |    17 |       ||    40
       Blink             |       |       |     4 |    11 |     2 ||    17
       Shock             |       |       |   118 |   122 |       ||   240
       Call Imp          |       |       |     2 |     1 |       ||     3
       Fireball          |       |       |       |   132 |   131 ||   263
       Starburst         |       |       |       |    30 |    36 ||    66
Evoke: Wand              |       |       |       |     3 |       ||     3
  Use: Scroll            |       |       |       |    14 |       ||    14
       Potion            |       |       |       |     1 |       ||     1
 Stab: Sleeping          |     1 |     1 |       |       |       ||     2
       Confused          |       |     4 |     8 |     2 |       ||    14
Armor: Leather armour    |     3 |     4 |    22 |       |       ||    29
       Acid dragon scale |       |       |       |    59 |    12 ||    71
Dodge: Dodged            |     9 |     9 |    55 |    65 |    27 ||   165
Block: Buckler           |       |       |       |    28 |    10 ||    38

Table legend: (Time is in decaauts)
 A = Elapsed time spent in this place.
 B = Non-inter-level travel time spent in this place.
 C = Inter-level travel time spent in this place.
 D = Time resting spent in this place.
 E = Time spent auto-exploring this place.
 F = Levels seen in this place.
 G = Mean time per level.
                   A        B        C        D        E       F      G
               +--------+--------+--------+--------+--------+-----+--------+
         Total |  25047 |  23588 |   1459 |   2205 |  18001 |  20 | 1252.3 |
       Dungeon |  19151 |  17865 |   1286 |   1915 |  13681 |  13 | 1473.2 |
        Temple |    194 |    167 |     27 |      0 |     89 |   1 |  194.0 |
          Lair |   5058 |   4913 |    145 |     87 |   4230 |   5 | 1011.6 |
      Gauntlet |    643 |    643 |      0 |    203 |      0 |   1 |  643.0 |
               +--------+--------+--------+--------+--------+-----+--------+

Top non-repeatable levels by time:
    D:11: 2228 daAuts
     D:3: 1737 daAuts
     D:8: 1729 daAuts
    D:13: 1608 daAuts
     D:4: 1530 daAuts
  Lair:3: 1526 daAuts
    D:10: 1507 daAuts
     D:6: 1485 daAuts
     D:1: 1447 daAuts
     D:2: 1281 daAuts
     D:5: 1263 daAuts
     D:9: 1161 daAuts
    D:12: 1143 daAuts
  Lair:4: 1027 daAuts
     D:7: 1027 daAuts
